 Dungeon Crawl Stone Soup version 0.21.1-1-g345015f (webtiles) character file.

787 chorionicmirror the Shield-Bearer (level 7, 0/84 HPs)
             Began as a Demonspawn Fighter on June 25, 2018.
             Slain by Duvessa
             ... wielding a +3 short sword of speed
              (6 damage)
             ... on level 5 of the Dungeon.
             The game lasted 00:17:01 (3384 turns).

chorionicmirror the Shield-Bearer (DsFi)            Turns: 3384, Time: 00:17:02

Health: 0/84       AC: 23    Str: 17    XL:     7   Next: 56%
Magic:  7/7        EV:  2    Int: 10    God:
Gold:   213        SH: 10    Dex: 13    Spells: 6/6 levels left

rFire    . . .     SeeInvis .   t - +0 long sword (slice)
rCold    . . .     Gourm    .   c - +1 shield
rNeg     + + +     Faith    .   (armour currently unavailable)
rPois    +         Spirit   .   (helmet currently unavailable)
rElec    .         Reflect  .   (cloak currently unavailable)
rCorr    .         Harm     .   (gloves currently unavailable)
MR       .....     NoTele   +   (boots currently unavailable)
Stlth    +.........             (no amulet)
HPRegen  0.24/turn              b - +3 ring of slaying
MPRegen  0.10/turn              (no ring)

@: tree-form, heavily drained
A: no striking features
a: no special abilities


You were on level 5 of the Dungeon.
You were not hungry.
You were a tree.
You visited 1 branch of the dungeon, and saw 5 of its levels.
You also visited: Sewer.

You collected 213 gold pieces.

Inventory:

Hand Weapons
 e - a +2 dagger of electrocution
 t - a +0 long sword of slicing (weapon)
Armour
 c - a +1 shield (worn)
 h - a +0 chain mail (melded)
 i - a +0 helmet (melded)
 q - a +0 cloak (melded)
Jewellery
 b - a +3 ring of slaying (left branch)
Wands
 s - a wand of disintegration (7)
Scrolls
 n - 2 scrolls of teleportation
 p - a scroll of fog
 r - a scroll of remove curse
 v - a scroll of blinking
Potions
 d - 2 potions of might
 j - a potion of degeneration {unknown}
 k - 3 potions of agility
 l - a potion of curing {unknown}
 m - a potion of mutation {unknown}
 o - a potion of haste {unknown}
 u - a potion of heal wounds {unknown}
 w - a potion of brilliance {unknown}
Comestibles
 f - 5 rations


   Skills:
 + Level 5.2(4.0) Fighting
 + Level 4.1(2.9) Long Blades
 - Level 3.0(1.8) Armour
 - Level 0.2(0.0) Dodging
 * Level 5.9(4.6) Shields


You had 6 spell levels left.
You didn't know any spells.

Dungeon Overview and Level Annotations

Branches:
Dungeon (5/15)
 Temple: D:4-7

Altars:
Sif Muna

Annotations:
D:5 Duvessa


Innate Abilities, Weirdness & Mutations

((You have sharp fingernails.))
((You are partially covered in iridescent scales. (AC +2)))
((You are mostly covered in sharp spines.))


Message History

You turn into a tree.
Your +0 cloak melds into your body.
Your +0 helmet melds into your body.
Your +0 chain mail melds into your body.
Your roots penetrate the ground.
Duvessa hits you but does no damage.
Duvessa hits you with a short sword of speed.
* * * LOW HITPOINT WARNING * * *
You hit Duvessa but do no damage.
Duvessa is severely wounded.
Duvessa hits you with a short sword of speed.
* * * LOW HITPOINT WARNING * * *
You block Duvessa's attack.
You hit Duvessa.
Duvessa is severely wounded.
Duvessa hits you but does no damage. x2
Unknown command.
You hit Duvessa but do no damage.
Duvessa is severely wounded.
You block Duvessa's attack.
Duvessa hits you with a short sword of speed.
You die...

..# ..# ..## ...##
....### # ##.......
#.# ###........ #.##
#####.e♣)....#
#..####..=........##
#........######...#
#.......## .....#
####......## .....
..........# ..#..
..........## .# #
....####...# .#
....# ###......


You could see Duvessa (berserk).

Vanquished Creatures
  A phantom (D:4)
  2 ogres
  A crocodile (Sewer)
  Dowan (D:5)
  A hound (D:4)
  2 centaur skeletons (D:4)
  An iguana (D:4)
  A worker ant (D:4)
  Robin (D:4)
  7 gnolls
  4 adders (D:3)
  An ooze (D:3)
  2 adder skeletons (D:4)
  2 worms
  5 dart slugs
  6 leopard geckos
  6 orcs
  9 giant cockroaches
  17 goblins
  12 hobgoblins
  10 jackals
  10 kobolds
  3 quokkas
  3 ball pythons
  7 bats
  2 frilled lizards (D:3)
  A leopard gecko skeleton (D:2)
  8 rats
126 creatures vanquished.

Notes
Turn   | Place    | Note
-------+----------+-------------------------------------------
     0 | D:1      | chorionicmirror the Demonspawn Fighter began the quest for the Orb.
     0 | D:1      | Reached XP level 1. HP: 18/18 MP: 1/1
     4 | D:1      | Noticed an electric eel
     4 | D:1      | Noticed an electric eel
    50 | D:1      | Gained mutation: You are partially covered in sharp spines. [demonic ancestry]
    50 | D:1      | Reached XP level 2. HP: 13/24 MP: 2/2
   428 | D:1      | Reached XP level 3. HP: 29/29 MP: 3/3
   901 | D:2      | Noticed an ogre
   914 | D:2      | Killed an ogre
   914 | D:2      | Gained mutation: You are mostly covered in sharp spines. [demonic ancestry]
   914 | D:2      | Reached XP level 4. HP: 35/37 MP: 4/4
   921 | D:2      | Gained mutation: You have sharp fingernails. [demonic ancestry]
   921 | D:2      | Reached XP level 5. HP: 41/42 MP: 5/5
  1161 | D:2      | Found a deep blue altar of Sif Muna.
  2144 | D:3      | Noticed an ogre
  2152 | D:3      | Killed an ogre
  2152 | D:3      | Reached XP level 6. HP: 22/49 MP: 6/6
  2447 | D:4      | Found a glowing drain.
  2486 | Sewer    | Entered a sewer
  2550 | Sewer    | Reached skill level 5 in Shields
  2715 | D:4      | Noticed Robin
  2727 | D:4      | Killed Robin
  2727 | D:4      | Gained mutation: You are partially covered in iridescent scales. (AC +2) [demonic ancestry]
  2727 | D:4      | Reached XP level 7. HP: 44/55 MP: 7/7
  2747 | D:4      | Reached skill level 5 in Fighting
  3280 | D:5      | Entered Level 5 of the Dungeon
  3359 | D:5      | Noticed Duvessa
  3360 | D:5      | Noticed Dowan
  3378 | D:5      | Killed Dowan
  3384 | D:5      | Slain by Duvessa

Skill      XL: |  1  2  3  4  5  6  7 |
---------------+----------------------+-----
Armour         | 3 |  3.0
Long Blades    | 2 3 4 |  4.1
Shields        | 3 4 5 |  5.9
Fighting       | 4 5 |  5.2
Dodging        | |  0.2

Action                   |  1- 3 |  4- 6 |  7- 9 || total
-------------------------+-------+-------+-------++-------
Melee: Long sword        |    74 |    63 |    58 ||   195
       Dagger            |    18 |    76 |       ||    94
  Use: Scroll            |     2 |     5 |     3 ||    10
       Potion            |     1 |       |     1 ||     2
  Eat: Chunk             |       |     6 |     2 ||     8
Armor: Scale mail        |    34 |     2 |       ||    36
       Chain mail        |       |    44 |    31 ||    75
       Skin              |       |       |     3 ||     3
Dodge: Dodged            |    22 |    24 |     7 ||    53
Block: Shield            |    43 |    66 |    40 ||   149
       Rpst.: Long sword |     5 |     2 |     3 ||    10
